 Dungeon Crawl Stone Soup version 0.17.2-1-ge4368a0 (webtiles) character file.

817 Goblin1989 the Ruffian (level 7, -1/50 HPs)
             Began as a Demonspawn Wanderer on Sept 19, 2016.
             Was an Initiate of Cheibriados.
             Slain by a gnoll zombie (2 damage)
             ... in an ossuary.
             The game lasted 00:16:26 (3021 turns).

Goblin1989 the Ruffian (Demonspawn Wanderer)        Turns: 3021, Time: 00:16:27

Health: -1/50      AC:  8    Str: 15    XL:     7   Next: 62%
Magic:  0/7        EV: 10    Int: 16    God:    Cheibriados [......]
Gold:   169        SH:  0    Dex: 12    Spells: 0 memorised, 6 levels left

rFire  . . .     SeeInvis .       - Unarmed
rCold  . . .     Clarity  .     c - +0 ring mail
rNeg   . . .     SustAt   .     (no shield)
rPois  .         Gourm    .     (no helmet)
rElec  .         Spirit   +     t - +0 cloak
rCorr  .         Warding  .     (no gloves)
rMut   .         Stasis   .     r - +1 pair of boots
MR     .....                    (no amulet)
Stlth  +.........               (no ring)
                                g - ring of wizardry

@: very slow, not resistant to hostile enchantments, very unstealthy
A: claws 2, hooves 1, powered by pain 1, magic shield
a: Bend Time, Renounce Religion


You were in an ossuary.
You worshipped Cheibriados.
Cheibriados was noncommittal.
You were hungry.

You visited 1 branch of the dungeon, and saw 5 of its levels.
You also visited: Ossuary.

You collected 169 gold pieces.

Inventory:

Hand Weapons
 a - a +3 hand crossbow
 s - the +0 falchion of Zozonnar {slice, +Blink rElec rPois Str-2}
   (You found it on level 4 of the Dungeon)

   It inflicts extra damage upon your enemies.
   It affects your strength (-2).
   It insulates you from electricity.
   It protects you from poison.
   It lets you blink.
Missiles
 b - 44 bolts
 k - 12 bolts of flame
Armour
 c - a +0 ring mail (worn)
 r - a +1 pair of boots (worn)
 t - a +0 cloak (worn)
Jewellery
 g - a ring of wizardry (left claw)
Scrolls
 e - 2 scrolls of remove curse
 p - a scroll of fear
 x - a scroll of random uselessness
Potions
 d - 2 potions of curing
 h - a potion of degeneration {unknown}
 i - a potion of heal wounds
 m - a potion of mutation {unknown}
 o - a potion of experience {unknown}
 q - a potion of haste
 v - a potion of lignification {unknown}
 w - a potion of ambrosia
Comestibles
 f - 2 bread rations
 l - 3 meat rations
 u - a beef jerky


   Skills:
 - Level 2.0 Fighting
 - Level 4.0 Crossbows
 - Level 1.7 Armour
 - Level 1.7 Stealth
 + Level 7.5 Unarmed Combat


You had 6 spell levels left.
You didn't know any spells.

Dungeon Overview and Level Annotations

Branches:
Dungeon (5/15)             Temple (0/1) D:5

Altars:
Ashenzari
Cheibriados
Ru
Trog

Shops:
D:5 [


Innate Abilities, Weirdness & Mutations

You have very sharp fingernails.
You have large cloven feet.
You sometimes gain a little power by taking damage.
When hurt, damage is shared between your health and your magic reserves.


Message History

You take 2 damage, and have 2/50 hp.
You scratch the mummy.
The mummy is almost destroyed.
The gnoll zombie hits you but does no damage.
The mummy hits you but does no damage.
You scratch the mummy.
You destroy the mummy!
The orc zombie hits you but does no damage.
You claw the orc zombie!
You destroy the orc zombie!
Cheibriados appreciates the change of pace.
The gnoll zombie hits you.
* * * LOW HITPOINT WARNING * * *
The orc zombie hits you but does no damage.
You take 2 damage, and have 1/50 hp.
You now have 0/7 mp.
You claw the orc zombie!
You destroy the orc zombie!
Cheibriados thoroughly appreciates the change of pace.
The gnoll zombie hits you.
You die...

#....#
#....#
#....#
#....#
#....#
#....#
#....#
#.Z..#
#@∩Z.#
######


You could see a hobgoblin zombie and a gnoll zombie.

Vanquished Creatures
  An ogre (D:5)
  2 scorpions
  A hound (D:5)
  A crimson imp (D:5)
  An orc priest (D:4)
  Ijyb (D:3)
  6 orc wizards
  3 worker ants
  4 mummies (Ossuary)
  A worker ant zombie (D:5)
  3 adders
  7 gnolls
  A worm (D:3)
  2 giant geckos
  16 orcs
  A ball python (D:5)
  A giant cockroach (D:1)
  7 goblins
  5 hobgoblins
  12 jackals
  3 quokkas
  4 bats
  10 giant newts
  A hobgoblin zombie (Ossuary)
  2 kobolds
  A kobold zombie (Ossuary)
  2 orc zombies (Ossuary)
  5 rats
104 creatures vanquished.

Notes
Turn   | Place    | Note
--------------------------------------------------------------
     0 | D:1      | Goblin1989 the Demonspawn Wanderer began the quest for the Orb.
     0 | D:1      | Goblin1989 set off with: a +2 hand crossbow, 23 bolts, a +0 ring mail, a potion of curing, a +0 dagger, a bread ration
     0 | D:1      | Reached XP level 1. HP: 16/16 MP: 1/1
    90 | D:1      | Reached skill level 4 in Crossbows
   199 | D:1      | Gained mutation: You have sharp fingernails. [demonic ancestry]
   199 | D:1      | Reached XP level 2. HP: 22/22 MP: 2/2
   366 | D:1      | Reached skill level 1 in Unarmed Combat
   592 | D:2      | Gained mutation: You sometimes gain a little power by taking damage. [demonic ancestry]
   592 | D:2      | Reached XP level 3. HP: 20/27 MP: 3/3
   643 | D:2      | Found a faded altar to an unknown god.
  1150 | D:2      | Gained mutation: When hurt, damage is shared between your health and your magic reserves. [demonic ancestry]
  1150 | D:2      | Reached XP level 4. HP: 30/33 MP: 4/4
  1193 | D:3      | Found a sacrificial altar of Ru.
  1348 | D:3      | Noticed Ijyb
  1353 | D:3      | Killed Ijyb
  1353 | D:3      | Gained mutation: You have very sharp fingernails. [demonic ancestry]
  1353 | D:3      | Reached XP level 5. HP: 38/38 MP: 5/5
  1500 | D:3      | Found a bloodstained altar of Trog.
  1620 | D:3      | You fall through a shaft!
  1632 | D:4      | Got an encrusted falchion
  1641 | D:4      | Reached skill level 5 in Unarmed Combat
  1641 | D:4      | Reached XP level 6. HP: 26/44 MP: 3/6
  1799 | D:4      | Identified the +0 falchion of Zozonnar {slice, +Blink rElec rPois Str-2} (You found it on level 4 of the Dungeon)
  2143 | D:4      | Found a snail-covered altar of Cheibriados.
  2233 | D:4      | Reached skill level 6 in Unarmed Combat
  2427 | D:4      | Gained mutation: You have large cloven feet. [demonic ancestry]
  2427 | D:4      | Reached XP level 7. HP: 36/50 MP: 4/7
  2620 | D:5      | Entered Level 5 of the Dungeon
  2630 | D:5      | Found Vowiq's Antique Armour Shop.
  2641 | D:5      | Found a shattered altar of Ashenzari.
  2667 | D:5      | Reached skill level 7 in Unarmed Combat
  2825 | D:4      | Became a worshipper of Cheibriados the Contemplative
  2907 | D:5      | Found a staircase to the Ecumenical Temple.
  2944 | D:5      | Found a sand-covered staircase.
  2978 | Ossuary  | Entered an ossuary
  3017 | Ossuary  | HP: 2/50 [mummy (2)]
  3021 | Ossuary  | Slain by a gnoll zombie

Action                   |  1- 3 |  4- 6 |  7- 9 || total
-------------------------+-------+-------+-------++-------
Melee: Unarmed           |       |    83 |    73 ||   156
 Fire: Hand crossbow     |    82 |   101 |       ||   183
  Use: Scroll            |       |     7 |     4 ||    11
       Potion            |       |       |     1 ||     1
  Eat: Chunk             |     1 |     3 |     2 ||     6
